 Dungeon Crawl Stone Soup version 0.31.0-1-g2c135a008e (webtiles) character file.

Game seed: 1272204360384859817

49 qw the Shooter (level 4, -2/33 HPs)
             Began as a Djinni Hunter on Jan 23, 2024.
             Slain by Natasha (5 damage)
             ... on level 2 of the Dungeon.
             The game lasted 00:00:03 (921 turns).

qw the Shooter (Djinni Hunter)                       Turns: 921, Time: 00:00:03

Health: -2/33      AC:  5    Str: 10    XL:     4   Next: 1%
Gold:   72         EV: 11    Int: 10    God:
                   SH:  0    Dex: 19

rFire   + + .        a - +0 shortbow
rCold   x . .        (shield currently unavailable)
rNeg    . . .        f - +0 ring mail
rPois   inf          (no helmet)
rElec   .            (no cloak)
rCorr   .            (no gloves)
SInv    .            (boots unavailable)
Will    .....        e - amulet of faith
Stlth   +            (no ring)
HPRegen 0.25/turn    (no ring)
MPRegen 0.00/turn

%: faith, infuse magic (-3 HP)
@: flying, slowed, very slow
A: sickness immunity, fire resistance 2, cold vulnerability 1, float, innate
caster, HP casting, extra vitality 1
a: no special abilities


You were on level 2 of the Dungeon.
You visited 1 branch of the dungeon, and saw 2 of its levels.

You collected 72 gold pieces.


Innate Abilities, Weirdness & Mutations

You are immune to sickness and miasma.
You are immune to poison.
Your flesh is very heat resistant. (rF++)
You are vulnerable to cold. (rC-)
You float through the air rather than walking.
You learn spells naturally, not from books.
Your magical power is your life essence.
You have superior vitality. (+4 MHP)


   Skills:
 + Level 2.0 Fighting
 - Level 4.0 Ranged Weapons
 - Level 1.8 Armour
 - Level 2.1 Dodging
 - Level 0.7 Stealth


You knew the following spells:

 Your Spells              Type           Power      Damage    Failure   Level
a - Foxfire               Conj/Fire      0%         2x1d4     67%         1
Your spell library was empty.

Inventory:

Hand Weapons
 a - a +0 shortbow (weapon)
Armour
 f - a +0 ring mail (worn)
Jewellery
 b - an amulet of regeneration
 e - an amulet of faith (around neck)
Potions
 k - a potion of curing {unknown}

Dungeon Overview and Level Annotations

Branches:
Dungeon (2/15)

Altars:

Annotations:
D:2 Natasha


Message History

913 ||| RETREEEEATING.
Natasha stares at you and mumbles some strange words.
The magic dart hits you.
Enter note:
914 ||| RETREEEEATING.
Enter note:
915 ||| RETREEEEATING.
Natasha stares at you and mumbles some strange words.
You feel yourself slow down.
You shoot an arrow. The arrow closely misses Natasha.
The cerulean imp barely misses you. Natasha claws you.
Enter note:
917 ||| RETREEEEATING.
The cerulean imp hits you from afar with a +0 spear.
Natasha barely misses you.
You shoot an arrow. The arrow hits Natasha.
Natasha is moderately wounded.
Natasha casts a spell.
The cerulean imp hits you from afar with a +0 spear.
Natasha wildly gestures.
You feel disoriented. Natasha barely misses you.
The cerulean imp hits you but does no damage.
You shoot an arrow. The arrow hits Natasha.
Natasha is heavily wounded.
Natasha claws you but does no damage.
The cerulean imp hits you but does no damage.
Natasha claws you!
The cerulean imp hits you but does no damage.
You shoot an arrow. The arrow barely misses Natasha.
The cerulean imp disappears in a puff of smoke!
Natasha barely misses you.
The cerulean imp hits you from afar with a +1 spear.
Natasha casts a spell at you.
You feel as though you will be slow longer.
You shoot an arrow. The arrow barely misses Natasha.
The cerulean imp hits you from afar with a +1 spear.
Natasha claws you! The cerulean imp misses you. Natasha claws you.
You die...
Natasha curls up and begins to purr.

#...####.###...######
#.............##
#...####.####.# #####
#.# #.# #.####.#
#.....)# ##...#..#
#.###...# #@# #...#
#h###..####
##5.......#
##.#####.# #.# .. #.#
.. #.# # #5#
#........


You could see Natasha and a cerulean imp (summoned).

Vanquished Creatures
  Natasha (D:2)
  2 ball pythons (D:1)
  2 endoplasms (D:1)
  3 goblins (D:1)
  3 hobgoblins
  3 jackals (D:1)
  A kobold (D:2)
  A quokka (D:1)
  3 bats (D:1)
  A rat (D:1)
20 creatures vanquished.

Notes
Turn   | Place    | Note
-------+----------+-------------------------------------------
     0 | D:1      | qw the Djinni Hunter began the quest for the Orb.
     0 | D:1      | Reached XP level 1. HP: 18/18 MP: 0/0
     0 | D:1      | 0 ||| qw: Version: 0.3-a-135-gb77e89d
     0 | D:1      | 0 ||| qw: Game counter: 816
     0 | D:1      | 0 ||| qw: Melee chars always use a shield: true
     0 | D:1      | 0 ||| qw: God list: Okawaru
     0 | D:1      | 0 ||| qw: Allow faded altars: false
     0 | D:1      | 0 ||| qw: Do Orc after clearing Dungeon:15 true
     0 | D:1      | 0 ||| qw: Do second Lair branch before Depths: true
     0 | D:1      | 0 ||| qw: Lair rune preference: random
     0 | D:1      | 0 ||| qw: Goals: Normal
     0 | D:1      | 0 ||| PLANNING D:1-11
   138 | D:1      | Reached XP level 2. HP: 23/23 MP: 0/0
   487 | D:1      | Reached XP level 3. HP: 28/28 MP: 0/0
   487 | D:1      | Learned a level 1 spell: Foxfire
   551 | D:1      | Reached skill level 4 in Ranged Weapons
   707 | D:1      | 707 ||| UPGRADING to +0 ring mail.
   717 | D:1      | 717 ||| DROPPING +0 leather armour.
   718 | D:1      | 718 ||| UPGRADING to amulet of faith.
   723 | D:1      | 723 ||| READING scroll labelled ACIWNA RECROS.
   724 | D:1      | 724 ||| READING scroll labelled OTUMPAZX QEDDA.
   724 | D:1      | 724 ||| IDENTIFYING glowing grey potion
   725 | D:1      | 725 ||| READING scroll labelled FAKHASKE PEIM.
   726 | D:1      | 726 ||| READING scroll labelled VOONEU SUIM.
   727 | D:1      | 727 ||| DROPPING scroll of butterflies.
   728 | D:1      | 728 ||| DROPPING potion of lignification.
   807 | D:2      | Noticed Natasha
   813 | D:2      | Killed Natasha
   814 | D:2      | Reached skill level 1 in Armour
   818 | D:2      | Reached XP level 4. HP: 25/33 MP: 0/0
   906 | D:2      | Noticed Natasha
   910 | D:2      | 910 ||| RETREEEEATING.
   911 | D:2      | 911 ||| RETREEEEATING.
   912 | D:2      | 912 ||| RETREEEEATING.
   913 | D:2      | 913 ||| RETREEEEATING.
   914 | D:2      | 914 ||| RETREEEEATING.
   915 | D:2      | 915 ||| RETREEEEATING.
   917 | D:2      | 917 ||| RETREEEEATING.
   921 | D:2      | HP: 3/33 [Natasha (7)]
   921 | D:2      | Slain by Natasha

Levels and vault maps discovered:
D:1:      minmay_arrival_stone_box, layout_basic
D:2:      layout_loops_ring, serial_shops, shop, minivault_14, uniq_natasha

Skill      XL: |  1  2  3 |
---------------+----------+-----
Ranged Weapons | 4 |  4.0
Armour         | 1 |  1.8
Fighting       | |  2.0
Dodging        | |  2.1
Stealth        | |  0.7

Action                     |  1- 3 |  4- 6 || total
---------------------------+-------+-------++-------
   Fire: Shortbow          |    41 |     8 ||    49
    Use: Scroll            |     4 |       ||     4
 Armour: Leather armour    |     3 |       ||     3
         Ring mail         |     3 |    15 ||    18
  Dodge: Dodged            |     6 |     6 ||    12

Table legend:
 A = Non-vault XP
 B = Vault XP
 C = Vault XP percentage of total XP
 D = Non-vault monster count
 E = Vault monster count
 F = Vault count percentage of total count
                 A         B        C        D         E       F
            +---------+---------+-------+---------+---------+-------
      Total |      35 |      35 |  50.0 |      19 |       1 |   5.0
            +---------+---------+-------+---------+---------+-------
        D:1 |      31 |       0 |   0.0 |      17 |       0 |   0.0
        D:2 |       4 |      35 |  89.7 |       2 |       1 |  33.3
            +---------+---------+-------+---------+---------+-------
